 Dungeon Crawl Stone Soup version 0.17-a0-1380-gc4949c2 (webtiles) character file.

411221 Quirk the Unseen (level 23, 0/149 HPs)
             Began as a Gargoyle Fighter on June 13, 2015.
             Was the Champion of Okawaru.
             Slain by a quicksilver dragon simulacrum (31 damage)
             ... led by a necromancer
             ... on level 4 of the Depths on June 15, 2015.
             The game lasted 05:36:47 (68358 turns).

Quirk the Unseen (Gargoyle Fighter)                Turns: 68358, Time: 05:36:47

Health: 0/149      AC: 64    Str: 47    XL:     23   Next: 51%
Magic:  37/37      EV: 13    Int: 13    God:    Okawaru [******]
Gold:   6148       SH: 26    Dex:  9    Spells: 6 memorised, 24 levels left

rFire  + + .     SeeInvis +     J - +7 demon whip of Quantum Leap {pain, rElec rF++ Str+4}
rCold  . . .     Clarity  .     L - +15 plate armour of Nilirghei {Str+4}
rNeg   + + .     SustAt   .     a - +1 large shield "Mexzijua" {rN+}
rPois  ∞         Gourm    .     o - +2 helmet {SInv}
rElec  +         Spirit   .     I - +2 cloak {+Inv}
rCorr  .         Warding  .     C - +1 pair of gloves of the Komodo Dragon {rPois Regen+}
rMut   .         Stasis   .     K - +2 pair of boots {Stlth+}
MR     ++...                    g - amulet of rage
Stlth  ++++......               m - +6 ring of strength
                                E - ring of the Archfiend {+Fly MR+ Str+4 Int+3 Stlth+}

@: very resistant to hostile enchantments, stealthy
A: big wings, negative energy resistance 1, electricity resistance, unbreathing,
petrification resistance, rot immunity, AC +17
a: Fly, Heroism, Finesse, Renounce Religion, Evoke Berserk Rage, Evoke
Invisibility, Evoke Flight
}: 2/15 runes: decaying, serpentine


You were on level 4 of the Depths.
You worshipped Okawaru.
Okawaru was exalted by your worship.
You were not hungry.

You visited 10 branches of the dungeon, and saw 46 of its levels.
You visited the Abyss 1 time.
You also visited: Labyrinth, Trove, Ice Cave and Wizlab.

You collected 7212 gold pieces.
You spent 1064 gold pieces at shops.

Inventory:

Hand weapons
 z - a +9 quick blade of piercing
 J - the +7 demon whip of Quantum Leap (weapon) {pain, rElec rF++ Str+4}
   (You found it on level 8 of the Dungeon)

   In the hands of one skilled in necromantic magic, it inflicts extra damage on
   living creatures.
   It affects your strength (+4).
   It greatly protects you from fire.
   It insulates you from electricity.
 V - the +9 dire flail "Arcanum" {flame, Str+2}
   (Okawaru gifted it to you on level 2 of the Swamp)

   It has been specially enchanted to burn those struck by it, causing extra
   injury to most foes and up to half again as much damage against particularly
   susceptible opponents.
   It affects your strength (+2).
Missiles
 f - 46 tomahawks (quivered)
Armour
 a - the +1 large shield "Mexzijua" (worn) {rN+}
   (You took it off Mennas on level 2 of the Vaults)

   It protects you from negative energy.
 n - the +6 faerie dragon armour {rN+ Int+2}
   (You took it off the Enchantress on level 3 of the Depths)

   It affects your intelligence (+2).
   It protects you from negative energy.
 o - a +2 helmet of see invisible (worn)
 C - the +1 pair of gloves of the Komodo Dragon (worn) {rPois Regen+}
   (You found it in a treasure trove)

   It protects you from poison.
   It increases your rate of regeneration.
 D - the +1 leather armour "Wuqy" {rC+ rCorr Stlth+}
   (You found it in a treasure trove)

   It protects you from cold.
   It protects you from acid and corrosion.
   It makes you more stealthy.
 I - a +2 cloak of invisibility (worn)
 K - a +2 pair of boots of stealth (worn)
 L - the +15 plate armour of Nilirghei (worn) {Str+4}
   (You found it in a wizard's laboratory)

   It affects your strength (+4).
 N - a +2 pair of gloves of dexterity
 W - the +2 ring mail of Shadows and Fog {rC+ MP+9 Int+3 Dex+3}
   (You found it on level 1 of the Vaults)

   It affects your intelligence (+3).
   It affects your dexterity (+3).
   It protects you from cold.
   It affects your magic capacity (+9).
Jewellery
 c - an uncursed ring of ice
 g - an amulet of rage (around neck)
 j - an uncursed amulet of stasis
 m - a +6 ring of strength (right hand)
 p - a +4 ring of dexterity
 q - an uncursed ring of stealth
 E - the ring of the Archfiend (left hand) {+Fly MR+ Str+4 Int+3 Stlth+}
   (You bought it in a shop on level 2 of the Orcish Mines)

   [ring of stealth]

   It affects your strength (+4).
   It affects your intelligence (+3).
   It affects your resistance to hostile enchantments.
   It lets you fly.
   It makes you more stealthy.
 F - an uncursed amulet of the gourmand
 H - an uncursed ring of protection from magic
Magical devices
 b - a wand of fireball (15)
 u - a wand of confusion (27)
 O - a wand of lightning (15)
 Q - a wand of cold (8)
Scrolls
 h - a scroll of summoning
 i - 11 scrolls of remove curse
 l - a scroll of identify
 r - 7 scrolls of fear
 t - 11 scrolls of teleportation
 y - 5 scrolls of magic mapping
 Z - 4 scrolls of fog
Potions
 d - 4 potions of might
 k - 4 potions of cancellation
 s - 8 potions of lignification
 v - 2 potions of invisibility
 w - a potion of cure mutation
 x - 11 potions of curing
 A - 3 potions of agility
 B - 3 potions of resistance
 R - 6 potions of haste
 U - a potion of berserk rage
 X - 3 potions of heal wounds
Books
 P - the Almanac of Summoning
   (You found it on level 2 of the Vaults)

   Spells                             Type                      Level
   a - Summon Lightning Spire         Summoning/Air                4
   b - Aura of Abjuration             Summoning                    5
   c - Summon Demon                   Summoning                    5
Miscellaneous
 G - a legendary deck of wonders {the Alchemist}
 S - a phantom mirror
 Y - a crystal ball of energy
Comestibles
 e - 17 bread rations
 T - 25 fruits


   Skills:
 + Level 17.1 Fighting
   Level 3.0 Long Blades
 + Level 16.1 Maces & Flails
 + Level 17.2 Armour
 + Level 13.2 Dodging
 + Level 18.0 Stealth
 + Level 16.9 Shields
 + Level 10.6 Spellcasting
 + Level 10.4 Summonings


You had 24 spell levels left.
You knew the following spells:

 Your Spells              Type           Power        Failure   Level  Hunger
a - Blink                 Tloc           N/A          96%         2    None
b - Call Imp              Summ           ####....     1%          2    None
c - Summon Butterflies    Summ           ####....     1%          1    None
d - Summon Demon          Summ           ####......   34%         5    #####..
e - Summon Lightning Spi  Summ/Air       ###.....     92%         4    ###....
f - Aura of Abjuration    Summ           ####......   34%         5    #####..


Dungeon Overview and Level Annotations

Branches:
Dungeon (15/15)            Temple (1/1) D:6            Lair (8/8) D:10
  Swamp (4/4) Lair:4        Snake (4/4) Lair:6        Slime (0/6) Lair:6
    Orc (4/4) D:9             Elf (1/3) Orc:3        Vaults (4/5) D:13
  Crypt (0/3) Vaults:3     Depths (4/5) D:15           Hell (1/1)
    Dis: Hell:1         Geh: Hell:1         Coc: Hell:1         Tar: Hell:1

Altars:
Ashenzari
Cheibriados
Dithmenos
Elyvilon
Fedhas
Gozag
Kikubaaqudgha
Makhleb
Nemelex Xobeh
Okawaru
Qazlal
Ru
Sif Muna
Trog
Vehumet
Xom
Yredelemnul
Zin
The Shining One
Beogh
Jiyva

Shops:
Orc:1 ?   Orc:2 =   Orc:4 [(%(*   Depths:3 [*[

Portals:
Hell: Depths:1 Depths:2 Depths:3 Depths:4
Abyss: Depths:2 Depths:4
Pandemonium: Depths:1 Depths:2 Depths:3

Annotations:
D:14 1 runed door, exclusion: orange crystal statue
Lair:8 exclusion: oklob plant
Hell Geryon


Innate Abilities, Weirdness & Mutations

You are resistant to torment.
Your stone body is resilient (AC +17).
You are immune to poison.
Your large and strong wings let you fly indefinitely.
You resist negative energy.
You are resistant to electric shocks.
You can survive without breathing.
You are immune to petrification.
You are immune to rotting.


Message History

The quicksilver dragon simulacrum claws you but does no damage.
Items here: [ ††† a robe; an iron troll corpse; an ugly thing corpse; an ugly thing corpse You thrash the quicksilver dragon simulacrum!!
You whack the quicksilver dragon simulacrum!
The quicksilver dragon simulacrum bites you.
The quicksilver dragon simulacrum freezes you!!!
* * * LOW HITPOINT WARNING * * *
The quicksilver dragon simulacrum claws you but does no damage.
You hit the quicksilver dragon simulacrum.
You block the quicksilver dragon simulacrum's attack. x2
Drink which item? (? for menu, Esc to quit)
You feel much better.
You block the quicksilver dragon simulacrum's attack. x2
You hit the quicksilver dragon simulacrum.
You block the quicksilver dragon simulacrum's attack.
The quicksilver dragon simulacrum claws you.
* * * LOW HITPOINT WARNING * * *
The quicksilver dragon simulacrum freezes you!!
You die...

....................../
....##................
.....................
###..#......^.........
#.................>...
##....................
..........##.....##..
..........##..Z..#
..........###8@8##
........≈.# ##∩##
...........# ###
............#
..............
.............#.
.............# .
...........##


You could see a quicksilver dragon simulacrum.

Vanquished Creatures
  Mennas (Vaults:2)
  the Lernaean hydra (Swamp:4)
  Norris (Vaults:3)
  Vashnia (Snake:3)
  A golden dragon (Depths:3)
  Nikola (Snake:2)
  Jory (Vaults:3)
  the Enchantress (Depths:3)
  Jorgrun (Vaults:2)
  An electric golem (WizLab)
  2 liches
  A tentacled monstrosity (Vaults:4)
  Asterion (Snake:1)
  A quicksilver dragon (Depths:3)
  2 acid blobs (Depths:1)
  3 sphinxes
  The ghost of ohyou the Bludgeoner, a powerful OgBe of Trog (Lair:8)
  A thorn hunter (Swamp:2)
  A tengu reaver (Vaults:4)
  2 fire giants
  5 frost giants
  An iron dragon (Depths:1)
  7 greater nagas (Snake:4)
  Aizul (Swamp:4)
  10 ironheart preservers
  A deep elf sorcerer (Vaults:3)
  A ghoul (Vaults:3)
  A caustic shrike zombie (Depths:2)
  4 vault wardens
  A ghost moth (shapeshifter) (Vaults:3)
  18 stone giants
  3 war gargoyles
  8 very ugly things
  3 spriggan defenders (Depths:3)
  Nessos (Lair:6)
  A lorocyproca (Depths:3)
  A deep elf demonologist (Elf:1)
  An eidolon (Vaults:3)
  7 ettins
  6 death oozes (Depths:1)
  Snorg (Orc:1)
  4 fire dragons
  A deep elf death mage (Elf:1)
  A minotaur (Lab)
  5 jiangshi
  The ghost of Chiseanne the Nimble, a powerful DDHu of Gozag (D:12)
  11 great orbs of eyes
  6 ice dragons
  2 vault guards (Vaults:4)
  21 hydras
  2 spriggan air magi (Depths:3)
  An entropy weaver (Depths:2)
  9 yaktaur captains
  5 rakshasas
  18 naga warriors
  13 ogre magi
  A ghost crab (Swamp:1)
  4 catoblepae
  3 salamander stormcallers (Vaults:4)
  10 centaur warriors
  8 alligators
  14 deep troll shamans
  18 anacondas
  8 deep troll earth magi
  4 hell hogs (Depths:2)
  5 tengu warriors
  An alligator (shapeshifter) (Vaults:4)
  10 naga sharpshooters
  4 death yaks
  2 spriggan berserkers
  5 iron golems (WizLab)
  13 shock serpents
  3 orc high priests (Orc:4)
  9 iron trolls
  3 vampire magi
  5 deep elf knights
  A soul eater (Depths:3)
  2 sea snakes (Snake:3)
  6 unseen horrors
  3 spriggan druids
  4 ice devils (Depths:2)
  5 salamander mystics (Snake:4)
  9 ironbrand convokers
  9 naga ritualists
  9 deep elf summoners
  2 tengu zombies
  16 swamp dragons
  An ice statue (IceCv)
  2 phantasmal warriors (Vaults:3)
  A swamp dragon (shapeshifter) (Depths:3)
  9 hill giants
  27 deep trolls
  4 lindwurms (Snake:4)
  3 shambling mangroves (Swamp:4)
  2 wizards
  A manticore (D:12)
  6 giant orange brains
  3 harpies (Vaults:4)
  5 deep elf conjurers
  8 necromancers
  5 oklob plants (Lair:1)
  17 mana vipers
  9 orc knights
  A fire giant zombie (Depths:3)
  6 griffons
  A cyclops (shapeshifter) (Depths:3)
  2 frost giant zombies
  A wolf spider (Vaults:2)
  8 salamanders
  4 large abominations (Depths:2)
  3 orc sorcerers (Orc:4)
  A rust devil (Depths:3)
  A hornet (shapeshifter) (Vaults:2)
  A tengu skeleton (Depths:3)
  A mana viper (shapeshifter) (Depths:3)
  10 elephants
  5 cyclopes
  31 ugly things
  20 naga magi
  Maurice (D:9)
  14 guardian serpents
  A toenail golem (WizLab)
  An octopode (shapeshifter) (Depths:2)
  3 fire giant skeletons (Depths:2)
  48 black mambas
  A torpor snail (Lair:5)
  11 vault sentinels
  Psyche (D:11)
  3 eyes of devastation (Depths:2)
  An orange demon (Depths:3)
  15 spiny frogs
  8 gargoyles
  5 kobold demonologists
  A golden dragon simulacrum (Depths:2)
  8 komodo dragons
  49 yaktaurs
  3 trolls
  A fire drake (Lair:1)
  A yaktaur skeleton (Vaults:3)
  4 human skeletons
  A freezing wraith (Vaults:4)
  3 tengu conjurers
  4 deep elf priests
  2 blue devils
  A wind drake (shapeshifter) (Depths:3)
  6 giant leeches
  A tengu simulacrum (Depths:3)
  A two-headed ogre (shapeshifter) (Vaults:4)
  13 polar bears
  4 raiju (Abyss:1)
  21 two-headed ogres
  A queen bee (Lair:3)
  A boulder beetle (Vaults:4)
  A raiju (shapeshifter) (Vaults:2)
  33 slime creatures
  15 blink frogs
  7 bog bodies
  A vampire (D:15)
  An ettin skeleton (Vaults:4)
  2 redbacks (Depths:2)
  A wyvern (D:13)
  2 wraiths
  A trapdoor spider (D:14)
  14 spriggans
  5 basilisks
  4 fire elementals
  23 vampire mosquitoes
  2 shadows
  17 deep elf fighters
  18 deep elf magi
  A chaos spawn (Depths:2)
  An elf skeleton (Depths:2)
  3 golden eyes
  A basilisk (shapeshifter) (Vaults:3)
  55 yaks
  8 hippogriffs
  A naga (shapeshifter) (Vaults:4)
  3 hungry ghosts
  A mottled dragon (shapeshifter) (Vaults:3)
  5 wargs
  23 swamp worms
  39 nagas
  A soldier ant (D:15)
  30 wolves
  12 water moccasins
  4 hell hounds
  4 ice beasts
  7 porcupines
  37 orc warriors
  12 wasps
  4 eyes of draining
  3 black bears
  An elf simulacrum (Depths:4)
  3 sky beasts
  9 swamp drakes
  A necrophage (D:12)
  2 phantoms
  A crocodile (shapeshifter) (Depths:3)
  46 ogres
  10 boggarts (D:15)
  20 centaurs
  10 crocodiles
  A tengu (shapeshifter) (Vaults:3)
  6 big kobolds
  A human zombie (Vaults:4)
  A gnoll sergeant (D:7)
  10 earth elementals
  25 giant frogs
  A glowing shapeshifter simulacrum (Vaults:4)
  2 scorpions
  An elf zombie (Vaults:4)
  4 human simulacra
  13 wights
  A wyvern skeleton (D:15)
  40 killer bees
  5 electric eels
  4 centaur zombies
  7 crimson imps
  8 small abominations (Depths:2)
  A wasp zombie (D:9)
  3 giant frog zombies
  28 orc priests
  4 giant frog skeletons
  8 hounds
  41 orc wizards
  5 centaur skeletons
  3 hell rats
  9 jellies
  8 iguanas
  An iron imp (Orc:3)
  8 worker ants
  11 sheep
  A hound skeleton (D:6)
  A worker ant zombie (D:11)
  12 adders
  13 gnolls
  90 river rats
  5 shadow imps
  A white imp (Orc:3)
  2 ufetubi
  2 giant eyeballs (Depths:2)
  9 oozes (Depths:1)
  9 worms
  2 adder zombies
  An adder skeleton (D:5)
  4 giant geckos
  208 orcs
  18 bats
  2 bat skeletons
  5 giant cockroaches
  21 goblins
  25 hobgoblins
  4 jackals
  43 kobolds
  7 quokkas
  6 ball pythons
  9 giant newts
  2 quokka skeletons
  25 rats
2133 creatures vanquished.

Vanquished Creatures (others)
  A vault warden (Vaults:4)
  An ironheart preserver (Vaults:4)
  Azrael (Snake:2)
  A crystal guardian (Vaults:4)
  A naga warrior (Snake:3)
  A salamander mystic (Snake:3)
  A shadow wraith (Vaults:4)
  An ironbrand convoker (Vaults:4)
  2 salamanders (Snake:3)
  A vault sentinel (Vaults:4)
  A yaktaur (Vaults:4)
  A deep elf priest (Vaults:3)
  5 polar bears
  A fire vortex (Vaults:4)
  A deep elf fighter (Vaults:2)
  A naga (Snake:3)
  2 ice beasts (Vaults:4)
  A centaur (Vaults:4)
  An orc wizard (Orc:3)
  5 sheep (D:7)
  An orc (Orc:2)
  4 fungi
  15 plants
50 creatures vanquished.

Grand Total: 2183 creatures vanquished

Notes
Turn   | Place    | Note
--------------------------------------------------------------
     0 | D:1      | Quirk the Gargoyle Fighter began the quest for the Orb.
     0 | D:1      | Reached XP level 1. HP: 14/14 MP: 1/1
    93 | D:1      | Reached XP level 2. HP: 14/19 MP: 2/2
   233 | D:1      | Reached skill level 1 in Dodging
   233 | D:1      | Reached XP level 3. HP: 16/23 MP: 3/3
   732 | D:1      | Reached skill level 1 in Stealth
   767 | D:2      | Reached XP level 4. HP: 26/29 MP: 4/4
  1144 | D:2      | Reached XP level 5. HP: 33/33 MP: 5/5
  1271 | D:2      | Reached skill level 4 in Armour
  1787 | D:3      | Reached XP level 6. HP: 35/38 MP: 6/6
  2399 | D:4      | Reached XP level 7. HP: 40/44 MP: 7/7
  2436 | D:4      | Found a shattered altar of Ashenzari.
  2643 | D:4      | Found a burning altar of Makhleb.
  3344 | D:5      | Entered Level 5 of the Dungeon
  4013 | D:6      | Reached skill level 5 in Fighting
  4013 | D:6      | Reached skill level 5 in Armour
  4013 | D:6      | Reached XP level 8. HP: 42/49 MP: 8/8
  4018 | D:6      | Found a deep blue altar of Sif Muna.
  4030 | D:6      | Reached skill level 5 in Shields
  4528 | D:6      | Got a shimmering long sword
  4538 | D:6      | Identified the +9 long sword "Voytueb" {speed, *Confuse +Fly rF+++ rN+} (You took it off an orc on level 6 of the Dungeon)
  4850 | D:6      | Found a staircase to the Ecumenical Temple.
  4865 | Temple   | Entered the Ecumenical Temple
  4966 | Temple   | Became a worshipper of Warmaster Okawaru
  5242 | D:6      | Found a basalt altar of Yredelemnul.
  5285 | D:7      | Found a stormy altar of Qazlal.
  5741 | D:7      | Reached skill level 1 in Long Blades
  5784 | D:7      | Reached skill level 6 in Fighting
  5784 | D:7      | Reached skill level 5 in Maces & Flails
  5784 | D:7      | Reached XP level 9. HP: 18/55 MP: 9/9
  6195 | D:7      | Reached skill level 5 in Stealth
  6203 | D:7      | Acquired Okawaru's first power
  6228 | D:7      | Found a shimmering altar of Xom.
  6520 | D:7      | Found a blossoming altar of Fedhas.
  6987 | D:8      | Found a shimmering altar of Xom.
  7195 | D:8      | Found a stormy altar of Qazlal.
  7439 | D:8      | Noticed a moth of wrath
  7442 | D:8      | Found a bloodstained altar of Trog.
  7495 | D:8      | Got a translucent demon whip
  7541 | D:8      | Identified the +7 demon whip of Quantum Leap {pain, rElec rF++ Str+4} (You found it on level 8 of the Dungeon)
  7757 | D:9      | Found a staircase to the Orcish Mines.
  7972 | D:9      | Reached XP level 10. HP: 58/61 MP: 10/10
  8070 | D:9      | Reached skill level 7 in Fighting
  8379 | D:10     | Entered Level 10 of the Dungeon
  8444 | D:10     | Reached skill level 5 in Dodging
  8617 | D:10     | Found a staircase to the Lair.
  9187 | D:10     | You fall through a shaft!
  9344 | D:11     | Noticed Psyche
  9356 | D:11     | Killed Psyche
  9576 | D:11     | Found a portal to a secret trove of treasure.
  9783 | D:11     | Noticed a hill giant
 10058 | D:11     | Killed a hill giant
 10058 | D:11     | Reached skill level 8 in Fighting
 10058 | D:11     | Reached XP level 11. HP: 68/68 MP: 11/11
 10556 | D:12     | Killed an unseen horror
 10716 | D:12     | Acquired Okawaru's second power
 10752 | D:12     | Noticed Chiseanne's ghost (powerful DDHu)
 11471 | D:12     | Received a gift from Okawaru
 11504 | D:12     | Noticed a soul eater
 11982 | Lair:1   | Entered Level 1 of the Lair of Beasts
 12366 | Lair:1   | Reached skill level 9 in Fighting
 12550 | Lair:1   | Reached XP level 12. HP: 48/76 MP: 12/12
 12607 | Lair:1   | Found an opulent altar of Gozag.
 13384 | D:12     | Killed Chiseanne's ghost
 13384 | D:12     | Received a gift from Okawaru
 13863 | D:13     | Noticed an eight-headed hydra
 14104 | D:12     | Killed an eight-headed hydra
 14375 | D:13     | Noticed a centaur warrior
 14376 | D:13     | Found a gate to the Vaults.
 14378 | D:13     | Noticed a yaktaur captain
 14417 | D:13     | Killed a centaur warrior
 14704 | D:13     | Found a roughly hewn altar of Beogh.
 15306 | D:13     | Killed a yaktaur captain
 15306 | D:13     | Received a gift from Okawaru
 15306 | D:13     | Reached skill level 10 in Fighting
 15391 | D:13     | Noticed an eight-headed hydra
 15424 | D:14     | Noticed a tengu warrior
 15440 | D:14     | Killed a tengu warrior
 15475 | D:14     | Found a runed door.
 15546 | D:14     | Noticed a crystal guardian
 15547 | D:14     | Noticed a crystal guardian
 15581 | D:14     | Reached skill level 10 in Armour
 15603 | D:14     | Reached skill level 10 in Stealth
 15603 | D:14     | Reached XP level 13. HP: 19/82 MP: 7/13
 16218 | D:13     | Killed an eight-headed hydra
 16218 | D:13     | Reached skill level 10 in Shields
 17448 | D:15     | Entered Level 15 of the Dungeon
 17780 | D:15     | Received a gift from Okawaru
 18179 | D:15     | Reached skill level 11 in Fighting
 18179 | D:15     | Reached skill level 10 in Maces & Flails
 18715 | D:14     | Upgraded the game from 0.17-a0-1373-g64d4c99 to 0.17-a0-1375-g89b919d
 19219 | D:15     | Gained mutation: Your large and strong wings let you fly indefinitely. [Gargoyle growth]
 19219 | D:15     | Reached XP level 14. HP: 88/90 MP: 14/14
 19349 | D:15     | Received a gift from Okawaru
 19558 | D:15     | Got a crude mace {god gift}
 19560 | D:15     | Identified the +1 mace of Paper {crush, rElec Int+5} (Okawaru gifted it to you on level 15 of the Dungeon)
 19614 | D:15     | Found a staircase to the Depths.
 19618 | Depths:1 | Entered Level 1 of the Depths
 19754 | Depths:1 | Noticed a stone giant
 19787 | Depths:1 | Killed a stone giant
 20269 | Orc:1    | Entered Level 1 of the Orcish Mines
 20269 | Orc:1    | Found Ysanaun's Magic Scroll Boutique.
 20296 | Orc:1    | Noticed Maurice
 20312 | D:9      | Killed Maurice
 20684 | Orc:4    | Entered Level 4 of the Orcish Mines
 20823 | Orc:4    | Found Mufetar's Antique Armour Shop.
 20826 | Orc:4    | Bought a runed helmet for 162 gold pieces
 20919 | Orc:4    | Noticed a stone giant
 20963 | Orc:4    | Killed a stone giant
 21301 | Orc:3    | Found a staircase to the Elven Halls.
 22121 | Orc:3    | Got a spiked hat
 22132 | Orc:3    | Identified the -6 hat "Odiy" {+Blink rElec rC- rCorr} (You found it on level 3 of the Orcish Mines)
 22279 | Orc:3    | Learned a level 2 spell: Blink
 22282 | Orc:3    | Learned a level 2 spell: Call Imp
 22284 | Orc:3    | Learned a level 1 spell: Summon Butterflies
 22453 | Orc:4    | Found a roughly hewn altar of Beogh.
 23099 | Orc:2    | Received a gift from Okawaru
 23101 | Orc:2    | Got a pair of spiked boots {god gift}
 23153 | Orc:2    | Identified the +0 pair of boots of Impermeability {rElec} (Okawaru gifted it to you on level 2 of the Orcish Mines)
 23288 | Orc:2    | Found Qaroro's Jewellery Boutique.
 23325 | Orc:2    | Bought the ring of the Archfiend {+Fly MR+ Str+4 Int+3 Stlth+} for 562 gold pieces
 23578 | Orc:1    | Noticed Snorg
 23587 | Orc:1    | Killed Snorg
 23733 | Orc:1    | Found a roughly hewn altar of Beogh.
 24752 | Orc:4    | Found Archoeclai's Weapon Boutique.
 24752 | Orc:4    | Found Jest's General Store.
 24754 | Orc:4    | Found Byxtuago's Food Boutique.
 24754 | Orc:4    | Found Befu's Weapon Emporium.
 24793 | Orc:4    | Bought a potion of might for 52 gold pieces
 24853 | Elf:1    | Entered Level 1 of the Elven Halls
 25109 | Elf:1    | Found a magical portal.
 25141 | WizLab   | Entered Doroklohe's Tomb
 25334 | WizLab   | Noticed an electric golem
 25363 | WizLab   | Killed an electric golem
 25363 | WizLab   | Reached skill level 12 in Fighting
 25739 | WizLab   | Noticed a war gargoyle
 26043 | WizLab   | Killed a war gargoyle
 26043 | WizLab   | Reached XP level 15. HP: 32/96 MP: 15/15
 26483 | WizLab   | Noticed a war gargoyle
 26535 | WizLab   | Killed a war gargoyle
 26539 | WizLab   | Got a translucent plate armour
 26551 | WizLab   | Got a warped leather armour
 26589 | WizLab   | Got a twisted plate armour
 26718 | WizLab   | Got a pair of faintly glowing gloves
 26794 | WizLab   | Identified the +3 plate armour of Ugujaniz {rC- rCorr Int+2 Slay+5} (You found it in a wizard's laboratory)
 26795 | WizLab   | Identified the +1 pair of gloves of Activism {rN+} (You found it in a wizard's laboratory)
 26796 | WizLab   | Identified the +15 plate armour of Nilirghei {Str+4} (You found it in a wizard's laboratory)
 26797 | WizLab   | Identified the +3 leather armour of Ladders and Snakes {rF+ Str+2} (You found it in a wizard's laboratory)
 27329 | Elf:1    | Noticed a Hell Sentinel
 27334 | Elf:1    | Received a gift from Okawaru
 27335 | Elf:1    | Got a smoking ring mail {god gift}
 27455 | Elf:1    | Identified the +3 ring mail of Indemnity {Int+8} (Okawaru gifted it to you on level 1 of the Elven Halls)
 27539 | Elf:1    | Identified Sif Muna's Incunabulum of Calling
 29893 | Lair:3   | Found a frozen archway.
 29902 | IceCv    | Entered an ice cave
 30701 | IceCv    | Noticed a frost giant
 30800 | IceCv    | Killed a frost giant
 32165 | Lair:4   | Found a staircase to the Swamp.
 32285 | Lair:4   | Reached skill level 13 in Stealth
 32526 | Lair:5   | Received a gift from Okawaru
 32649 | Lair:5   | Reached XP level 16. HP: 104/104 MP: 16/16
 33934 | Lair:6   | Noticed Nessos
 33934 | Lair:6   | Found a staircase to the Slime Pits.
 33934 | Lair:6   | Found a viscous altar of Jiyva.
 33983 | Lair:6   | Killed Nessos
 34207 | Lair:6   | Found a staircase to the Snake Pit.
 34586 | Lair:6   | Reached skill level 10 in Dodging
 34668 | Lair:7   | Found a labyrinth entrance.
 34716 | Lab      | Entered a labyrinth
 35697 | Lab      | Got a shimmering executioner's axe
 35803 | Lab      | Identified the +6 executioner's axe of the Crypt {chop, MP+9 Dex+2} (You found it in a labyrinth)
 36498 | Lair:8   | Entered Level 8 of the Lair of Beasts
 36634 | Lair:8   | Reached skill level 1 in Summonings
 36702 | Lair:8   | Noticed ohyou's ghost (powerful OgBe)
 36731 | Lair:7   | Reached skill level 1 in Spellcasting
 37073 | Lair:8   | Killed ohyou's ghost
 37885 | Lair:8   | Received a gift from Okawaru
 38059 | Lair:8   | Got a smoking chain mail
 38070 | Lair:8   | Identified the cursed +1 chain mail of the Sea {+Blink} (You found it on level 8 of the Lair of Beasts)
 38078 | Lair:8   | Got a dazzling leather armour
 38084 | Lair:8   | Identified the +0 leather armour "Farchezo" {rElec Int+4 Dex+3 Slay-2} (You found it on level 8 of the Lair of Beasts)
 38217 | Snake:1  | Entered Level 1 of the Snake Pit
 39656 | Snake:1  | Noticed Asterion
 39671 | Snake:1  | Killed Asterion
 39671 | Snake:1  | Reached XP level 17. HP: 110/110 MP: 14/21
 40152 | Snake:2  | Reached skill level 14 in Stealth
 40716 | Snake:3  | Noticed Vashnia
 40716 | Snake:3  | Noticed Nikola
 40739 | Snake:3  | Noticed Azrael
 40740 | Snake:3  | Received a gift from Okawaru
 40741 | Snake:3  | Got a warped ring mail {god gift}
 40761 | Snake:2  | Killed Azrael
 40768 | Snake:2  | Killed Nikola
 40791 | Snake:2  | Identified the +3 ring mail "Raifaull" {rF- rCorr Int-3 SInv} (Okawaru gifted it to you on level 3 of the Snake Pit)
 41134 | Snake:3  | Killed Vashnia
 41939 | Snake:3  | Found a white marble altar of Elyvilon.
 42273 | Snake:4  | Entered Level 4 of the Snake Pit
 43054 | Snake:4  | Received a gift from Okawaru
 43055 | Snake:4  | Got a crude ring mail {god gift}
 43085 | Snake:4  | Reached XP level 18. HP: 108/117 MP: 18/25
 43107 | Snake:4  | Identified the +0 ring mail of Generosity {rElec rF+ rC+ Slay+2} (Okawaru gifted it to you on level 4 of the Snake Pit)
 43492 | Snake:4  | Reached skill level 5 in Spellcasting
 44254 | Snake:4  | Reached skill level 5 in Summonings
 44824 | Snake:4  | Received a gift from Okawaru
 44991 | Snake:4  | Reached skill level 15 in Stealth
 45137 | Snake:4  | Received a gift from Okawaru
 45646 | Snake:4  | Got a serpentine rune of Zot
 46107 | Swamp:1  | Entered Level 1 of the Swamp
 46108 | Swamp:1  | Upgraded the game from 0.17-a0-1375-g89b919d to 0.17-a0-1380-gc4949c2
 46133 | Swamp:1  | Reached XP level 19. HP: 123/123 MP: 28/28
 47331 | Swamp:2  | Reached skill level 15 in Fighting
 47845 | Swamp:2  | Received a gift from Okawaru
 47846 | Swamp:2  | Got a crystal dire flail {god gift}
 48081 | Swamp:3  | Got a faintly glowing trident
 48262 | Swamp:3  | Found a stormy altar of Qazlal.
 48749 | Swamp:4  | Entered Level 4 of the Swamp
 48866 | Swamp:4  | Noticed the 27-headed Lernaean hydra
 48887 | Swamp:4  | Killed the 27-headed Lernaean hydra
 48887 | Swamp:4  | Reached skill level 15 in Armour
 48908 | Swamp:4  | Received a gift from Okawaru
 48998 | Swamp:4  | Got a pair of spiked gloves {god gift}
 49009 | Swamp:4  | Identified the -5 pair of gloves "Hourad" {rF+ Str+6} (Okawaru gifted it to you on level 4 of the Swamp)
 49199 | Swamp:4  | Got a decaying rune of Zot
 49326 | Swamp:4  | Noticed Aizul
 49362 | Swamp:4  | Killed Aizul
 50392 | Vaults:1 | Entered Level 1 of the Vaults
 51151 | Vaults:1 | Reached XP level 20. HP: 69/129 MP: 31/31
 51534 | Vaults:1 | Reached skill level 15 in Shields
 51750 | Vaults:1 | Got a pitted ring mail
 52195 | Vaults:2 | Identified the +2 ring mail of Shadows and Fog {rC+ MP+9 Int+3 Dex+3} (You found it on level 1 of the Vaults)
 52213 | Vaults:2 | Noticed Jorgrun
 52229 | Vaults:2 | Killed Jorgrun
 52312 | Vaults:2 | Received a gift from Okawaru
 52446 | Vaults:2 | Reached skill level 16 in Stealth
 52698 | Vaults:2 | Identified the +9 dire flail "Arcanum" {flame, Str+2} (Okawaru gifted it to you on level 2 of the Swamp)
 52759 | Vaults:2 | Identified a scroll of acquirement
 52772 | Vaults:2 | Got a twisted hat
 52783 | Vaults:2 | Identified the +0 hat of Life {+Fly rElec SInv} (You acquired it on level 2 of the Vaults)
 52951 | Vaults:2 | Identified the Almanac of Summoning
 52960 | Vaults:2 | Learned a level 5 spell: Summon Demon
 53655 | Vaults:3 | Cast into the Abyss (a deep elf sorcerer)
 53777 | Abyss:2  | Found a corrupted altar of Lugonu.
 53801 | Vaults:3 | Escaped the Abyss
 53935 | Vaults:3 | Noticed Mennas
 54226 | Vaults:2 | Killed Mennas
 54228 | Vaults:2 | Got a pitted large shield
 54240 | Vaults:2 | Identified the +1 large shield "Mexzijua" {rN+} (You took it off Mennas on level 2 of the Vaults)
 55005 | Vaults:3 | Received a gift from Okawaru
 55627 | Vaults:3 | Found a staircase to the Crypt.
 55806 | Vaults:3 | Noticed Norris
 55826 | Vaults:3 | Paralysed by Norris for 3 turns
 55843 | Vaults:3 | Killed Norris
 55953 | Vaults:3 | Reached XP level 21. HP: 136/136 MP: 33/33
 56411 | Vaults:3 | Noticed Jory
 56863 | Vaults:3 | Killed Jory
 56863 | Vaults:3 | Reached skill level 15 in Maces & Flails
 57670 | Vaults:4 | Received a gift from Okawaru
 59834 | Depths:1 | Noticed a green very ugly thing
 59846 | Depths:1 | Noticed a green very ugly thing
 59860 | Depths:1 | Noticed a green very ugly thing
 59889 | Depths:1 | Killed a purple very ugly thing
 59911 | Depths:1 | Killed a cyan very ugly thing
 59927 | Depths:1 | Killed a cyan very ugly thing
 59997 | Depths:1 | Received a gift from Okawaru
 60210 | Depths:1 | Noticed a stone giant
 60220 | Depths:1 | Killed a stone giant
 60555 | Depths:1 | Found a gateway to Hell.
 60709 | Depths:1 | Reached skill level 17 in Stealth
 61070 | Depths:1 | Noticed an acid blob
 61079 | Depths:1 | HP: 3/137 [acid (13)]
 61849 | Orc:1    | Bought a scroll of summoning for 161 gold pieces
 61849 | Orc:1    | Bought a scroll of enchant armour for 127 gold pieces
 62122 | Depths:1 | Reached XP level 22. HP: 143/143 MP: 35/35
 62132 | Depths:1 | Noticed an acid blob
 62151 | Depths:1 | Killed an acid blob
 62361 | Depths:1 | Paralysed by a great orb of eyes for 3 turns
 62534 | Depths:1 | Noticed a stone giant
 62553 | Depths:1 | Killed a stone giant
 62577 | Depths:1 | Noticed a stone giant
 62600 | Depths:1 | Noticed an iron dragon
 62604 | Depths:1 | Killed a stone giant
 62627 | Depths:1 | Killed an iron dragon
 62756 | Depths:1 | Noticed a stone giant
 62775 | Depths:1 | Killed a stone giant
 62889 | Depths:1 | Found a one-way gate leading to the halls of Pandemonium.
 63039 | Depths:2 | Paralysed by a giant eyeball for 4 turns
 63048 | Depths:2 | Paralysed by a giant eyeball for 4 turns
 63061 | Depths:2 | Paralysed by a giant eyeball for 4 turns
 63091 | Depths:2 | Paralysed by a giant eyeball for 4 turns
 63142 | Depths:1 | Killed an acid blob
 63278 | Depths:2 | Paralysed by a giant eyeball for 3 turns
 64206 | Depths:2 | Received a gift from Okawaru
 64349 | Depths:1 | Reached skill level 10 in Spellcasting
 64564 | D:11     | You paid a toll of a +4 ice dragon armour to enter a treasure trove
 64565 | Trove    | Entered a treasure trove
 64573 | Trove    | Got a pair of smoking gloves
 64580 | Trove    | Got an opal-encrusted leather armour
 64591 | Trove    | Identified the +1 pair of gloves of the Komodo Dragon {rPois Regen+} (You found it in a treasure trove)
 64592 | Trove    | Identified the +2 leather armour of Blue Skies {Str+3 Int+2} (You found it in a treasure trove)
 64611 | Trove    | Got a distressingly furry leather armour
 64625 | Trove    | Identified the cursed +1 leather armour "Wuqy" {rC+ rCorr Stlth+} (You found it in a treasure trove)
 64631 | Trove    | Got a faintly glowing plate armour
 64642 | Trove    | Identified the +9 plate armour "Kuor" {rElec rC+ Dex+2 SInv} (You found it in a treasure trove)
 64654 | Trove    | Got a dazzling hat
 64665 | Trove    | Identified the +3 hat of the Three Places {rN+} (You found it in a treasure trove)
 65182 | Depths:2 | Found a sparkling altar of Nemelex Xobeh.
 65517 | Depths:2 | Found a one-way gate to the infinite horrors of the Abyss.
 65624 | Hell     | Entered the Vestibule of Hell
 65624 | Hell     | Noticed Geryon
 66039 | Depths:3 | Reached skill level 10 in Summonings
 66150 | Depths:3 | Noticed the Enchantress
 66567 | Depths:3 | Reached XP level 23. HP: 135/148 MP: 37/37
 66633 | Depths:3 | Learned a level 4 spell: Summon Lightning Spire
 66640 | Depths:3 | Learned a level 5 spell: Aura of Abjuration
 66640 | Depths:3 | Found Gozag's Assorted Antiques.
 66643 | Depths:3 | Found an opulent altar of Gozag.
 66643 | Depths:3 | Found Gozag's Antique Armour Emporium.
 66647 | Depths:3 | Found Gozag's Antique Armour Shoppe.
 66862 | Depths:3 | Received a gift from Okawaru
 67863 | Depths:3 | Killed the Enchantress
 67865 | Depths:3 | Got a faerie dragon armour
 67943 | Depths:3 | Identified the +6 faerie dragon armour {rN+ Int+2} (You took it off the Enchantress on level 3 of the Depths)
 68312 | Depths:4 | Reached skill level 18 in Stealth
 68358 | Depths:4 | Slain by a quicksilver dragon simulacrum

Vault maps used:
D:1:      lightli_molten_gateway
D:2:      nrook_loot_triangle
D:3:      first_bread
D:4:      lemuel_round_altar, ashenzari_conservatory_becter
D:6:      kennysheep_little_box, old_standard_altar, temple_green
D:7:      grunt_temple_overflow_forces_of_nature, serial_bayou,
          serial_bayou_ford_a, serial_bayou_pond_b, serial_bayou_lagoon_a,
          serial_bayou_pond_e, grunt_ogre_cave, kb_xom_exploding_sheep
D:8:      tgw_trog, basic_altar, nicolae_qazlal_eye_of_the_storm
D:9:      orc_0_dummy
D:10:     lair_0_dummy
D:11:     enter_trove_0, uniq_psyche
D:13:     david_vaults_2, special_room
D:14:     minmay_misc_feat_more_columns, minmay_crystal_box
D:15:     grunt_enter_depths_snipers, minmay_fountain_box
Temple:   circular_temple_12
Lair:1:   dpeg_oklob_gauntlet, lemuel_oklob_altar, lemuel_fruit_fields,
          serial_bayou_shore_a, lemuel_fruit_tree
Lair:2:   st_stairs_10
Lair:3:   portal_ice_cave_entry_pillars_02
Lair:4:   nicolae_swamp_entry_splash_gauntlet
Lair:5:   kennysheep_abandoned_house
Lair:6:   minmay_snake_entry_six_corridors, slime_altar_1, lemuel_old_faithful,
          uniq_nessos
Lair:7:   kennysheep_rathole, lab_entry_generic
Lair:8:   grunt_lair_end_beastmaster, grunt_megastairs_1,
          bh_autumn_forest_stairs
Swamp:1:  hangedman_swamp_ruin_hall, hangedman_swamp_lotus
Swamp:2:  wheals_swamp_sinkhole, swamp_pool4
Swamp:3:  basic_altar, swamp_pool2, infiniplex_staircase_pool_2
Swamp:4:  swamp_old_school, swamp_pool2, uniq_aizul
Snake:1:  uniq_asterion
Snake:3:  basic_altar, spider_trap, statue_in_the_mist_lemuel, st_stairs_7,
          grunt_ministairs_3, guppyfry_snake_island, serial_bayou_shore_b,
          uniq_azrael, uniq_vashnia, uniq_nikola
Snake:4:  snake_pit_salamanders_mu, special_room
Orc:1:    basic_altar, serial_shops, shop, uniq_maurice, uniq_snorg
Orc:2:    serial_shops, shop, amalloy_card_club
Orc:3:    nicolae_orc_pool_cavern, hangedman_minor_magic
Orc:4:    grunt_orc_tribal_feast, serial_shops, nicolae_shop_behind_doors,
          basic_altar
Elf:1:    eino_elf_arrival_customs, infiniplex_enter_wizlab_water,
          minmay_elf_demonology
Vaults:2: nicolae_vaults_little_squares_1, dpeg_vaults_monster_box,
          nicolae_vaults_little_squares_2, hangedman_vaults_pinch, v_misc_3,
          ontoclasm_vaults_twist, st_cells, nicolae_vaults_angled_halls,
          ontoclasm_vaults_ring_large, nicolae_vaults_rhombus_6,
          ontoclasm_vaults_pinch, nicolae_vaults_little_squares_3,
          vaults_dpeg_encased_lava, uniq_jorgrun
Vaults:3: serial_ice_g, minmay_crypt_entry_simple_plaza, v_misc_11, v_rooms_3,
          st_diamondy, nicolae_vaults_little_squares_5,
          vaults_mumra_chevron_long, vaults_room_door_hall, vaults_dpeg_ring,
          v_pattern_5, vaults_room_semicircle,
          nicolae_vaults_diagonal_hallway_9, nicolae_vaults_mini_display_case,
          vaults_room_door_hall, vaults_room_pool, v_misc_23, uniq_mennas,
          uniq_norris, uniq_jory
Vaults:4: v_pattern_1, ontoclasm_vaults_ring_small,
          ontoclasm_vaults_loading_screen, hangedman_vaults_corner,
          grunt_vaults_hallway_short, grunt_vaults_hallway_long,
          ontoclasm_vaults_ring_large, v_misc_26, vaults_mumra_bighexcomb,
          nicolae_vaults_little_squares_3, vaults_room_large_hall,
          nicolae_vaults_three_branches, v_misc_12, vaults_room_door_ring,
          v_rooms_4, serial_ice_b
Depths:1: kennysheep_cross_room, hangedman_coc_ice_floe, rand_demon_pan_entry_9,
          special_room, hangedman_cracks_in_the_wall
Depths:2: hangedman_surveillance_ring, pan_entry, pf_dread_powers_of_hell,
          hangedman_decor_lopped, minmay_room_of_horrors, nemelex_altar_shiori
Depths:3: kennysheep_gozag_temple, nicolae_two_hexagons, hell_entry,
          rand_demon_pan_entry_1, infiniplex_staircase_star, uniq_enchantress
Depths:4: kennysheep_scales, solitary_fountain, hell_entry, special_room,
          abyss_entry_crystal
Lab:      labyrinth_skeletal_remains
Trove:    trove_armour_2
IceCv:    ice_cave_caverns_03
WizLab:   wizlab_doroklohe

Action                   |  1- 3 |  4- 6 |  7- 9 | 10-12 | 13-15 | 16-18 | 19-21 | 22-24 || total
-------------------------+-------+-------+-------+-------+-------+-------+-------+-------++-------
Melee: Flail             |   100 |   293 |   613 |       |       |       |       |       ||  1006
       Demon whip        |       |       |    63 |   899 |  2297 |  2550 |  3190 |  1830 || 10829
       Long sword        |       |       |    16 |       |       |       |       |       ||    16
Throw: Tomahawk          |       |       |     7 |       |     4 |     3 |       |       ||    14
Invok: Heroism           |       |       |       |       |     1 |     2 |       |       ||     3
       Finesse           |       |       |       |       |       |     1 |     2 |     1 ||     4
 Abil: Fly               |       |       |       |       |     1 |       |     2 |     1 ||     4
       Evoke Berserk Rag |       |       |       |       |     1 |     1 |     1 |       ||     3
       Stop Flying       |       |       |       |       |       |       |       |     2 ||     2
Evoke: Wand              |       |       |     1 |     6 |     3 |     4 |     4 |     1 ||    19
  Use: Scroll            |       |     3 |     2 |    14 |    34 |    17 |    20 |    13 ||   103
       Potion            |       |       |       |     3 |     5 |     3 |     5 |     5 ||    21
 Stab: Distracted        |       |       |     1 |       |     2 |     3 |     4 |       ||    10
       Sleeping          |       |       |     3 |     8 |    20 |     8 |     7 |     4 ||    50
       Invisible         |       |       |       |     1 |       |       |       |       ||     1
       Confused          |       |       |       |       |       |       |     5 |       ||     5
  Eat: Chunk             |       |     6 |    19 |    20 |    34 |    22 |    10 |     5 ||   116
       Fruit             |       |       |       |     1 |       |       |       |     1 ||     2
       Meat ration       |       |       |       |     1 |     2 |     2 |     3 |     1 ||     9
       Pizza             |       |       |       |       |     1 |     3 |     2 |       ||     6
       Beef jerky        |       |       |       |       |     8 |     4 |     6 |       ||    18
       Royal jelly       |       |       |       |       |       |     5 |     4 |     5 ||    14
       Bread ration      |       |       |       |       |       |       |     1 |       ||     1
